 Dungeon Crawl Stone Soup version 0.28.0-45-g0d030f2227 (webtiles) character file.

Game seed: 2463460249964832159

2458 MisterFreud the Nimble (level 9, -2/71 HPs)
             Began as a Yellow Draconian Transmuter on Apr 13, 2022.
             Was an Initiate of Ru.
             Slain by a vampire (8 damage)
             ... on level 7 of the Dungeon.
             The game lasted 00:12:13 (8252 turns).

MisterFreud the Nimble (DrTm)                       Turns: 8252, Time: 00:12:13

Health: -2/71      AC:  9    Str: 19    XL:     9   Next: 26%
Magic:  15/15      EV: 16    Int: 15    God:    Ru [......]
Gold:   102        SH:  0    Dex: 14    Spells: 6/16 levels left

rFire   x . .      SeeInvis .     - Unarmed
rCold   + . .      Faith    .   m - orb {light}
rNeg    . . .      Spirit   .   (armour unavailable)
rPois   .          Reflect  .   (helmet restricted)
rElec   .          Harm     .   (no cloak)
rCorr   +          Rampage  .   t - +0 pair of gloves
Will    .....                   s - +0 pair of boots
Stlth   +.........              (no amulet)
HPRegen 0.21/turn               y - ring of ice
MPRegen 0.14/turn               n - +6 ring of strength

@: brilliant, flying, glowing, studying Dodging
A: spit acid, AC +7, unfitting armour, cold-blooded, acid resistance
a: Breathe Acid, Renounce Religion


You were on level 7 of the Dungeon.
You worshipped Ru.
Ru was noncommittal.
You visited 2 branches of the dungeon, and saw 8 of its levels.
You also visited: Sewer.

You collected 252 gold pieces.
You spent 150 gold pieces at shops.

Inventory:

Hand Weapons
 k - a +1 dagger of electrocution
 I - a +2 morningstar of freezing
Missiles
 j - 5 poisoned darts
Armour
 m - an orb of light (worn)
 s - a +0 pair of boots (worn)
 t - a +0 pair of gloves (worn)
Jewellery
 n - a +6 ring of strength (right hand)
 y - a ring of ice (left hand)
Wands
 B - a wand of iceblast (6)
 D - a wand of digging (8)
 H - a wand of flame (19)
Scrolls
 b - 8 scrolls of teleportation
 d - 3 scrolls of blinking
 l - a scroll of holy word {unknown}
 o - 2 scrolls of immolation {unknown}
 p - a scroll of summoning {unknown}
 q - 2 scrolls of amnesia
 r - a scroll of enchant armour {unknown}
 v - 2 scrolls of noise {unknown}
 w - 2 scrolls of enchant weapon {unknown}
 x - 2 scrolls of vulnerability {unknown}
 z - 2 scrolls of identify {unknown}
 F - a scroll of magic mapping {unknown}
 G - 2 scrolls of brand weapon {unknown}
 J - a scroll of fog {unknown}
Potions
 a - 2 potions of cancellation
 c - 6 potions of curing
 e - a potion of brilliance
 g - a potion of invisibility {unknown}
 h - 2 potions of haste
 i - a potion of degeneration {unknown}
 u - a potion of heal wounds {unknown}
 A - a potion of mutation {unknown}
 C - a potion of magic {unknown}
 E - a potion of berserk rage {unknown}


   Skills:
 - Level 4.0 Fighting
 + Level 9.8 Dodging
 - Level 6.0 Unarmed Combat
 - Level 4.0 Spellcasting
 - Level 6.0 Transmutations
 - Level 2.0 Ice Magic


You had 6 spell levels left.
You knew the following spells:

 Your Spells              Type           Power      Damage    Failure   Level
a - Beastly Appendage     Tmut           62%        N/A       1%          1
b - Wereblood             Tmut           31%        N/A       2%          2
c - Spider Form           Tmut/Pois      18%        N/A       16%         3
d - Ice Form              Ice/Tmut       33%        N/A       34%         4

Your spell library contained the following spells:

 Spells                   Type           Power      Damage    Failure   Level
 Scorch                   Fire           8%         2d5       26%         2
 Flame Wave               Conj/Fire      4%         2d5       87%         4
 Dispersal                Tloc           2%         N/A       100%        6
 Summon Cactus Giant      Summ           2%         N/A       100%        6
 Disjunction              Tloc           2%         N/A       100%        8


Dungeon Overview and Level Annotations

Branches:
Dungeon (7/15)             Temple (1/1) D:7           Sewer (visited)

Altars:
Elyvilon
Fedhas
Gozag
Hepliaklqana
Makhleb
Qazlal
Ru
Trog
Uskayaw
Vehumet
Wu Jian
Xom

Shops:
D:5 *

Annotations:
D:4 2 transporters
D:6 Dowan, Duvessa


Innate Abilities, Weirdness & Mutations

You can spit globs of acid.
Your golden yellow scales are hard. (AC +7)
You cannot fit into any form of body armour.
You are cold-blooded and may be slowed by cold attacks.
You are resistant to acid. (rCorr)


Message History

You headbutt the vampire, but do no damage.
You tail-slap the vampire, but do no damage.
The vampire is heavily damaged.
The vampire completely misses you.
The vampire bites you but does no damage.
You punch the vampire!
The vampire is severely damaged.
The vampire draws life force from you!
The vampire is healed by the life force!
You hit the vampire but do no damage. You claw the vampire, but do no damage.
The vampire is heavily damaged.
The vampire closely misses you. x2
You barely miss the vampire. You claw the vampire, but do no damage.
You headbutt the vampire, but do no damage.
The vampire is heavily damaged.
The vampire hits you.
* * * LOW HITPOINT WARNING * * *
The vampire bites you but does no damage.
You hit the vampire but do no damage. You claw the vampire, but do no damage.
You tail-slap the vampire, but do no damage.
The vampire is heavily damaged.
The vampire hits you!
* * * LOW HITPOINT WARNING * * *
The vampire completely misses you.
Unknown command.
It was a potion of cancellation.
Your magical effects are unravelling.
You feel magically purged.
Your horns disappear.
Your talons disappear.
Your +0 pair of boots unmelds from your body.
The vampire barely misses you. The vampire closely misses you.
It was a potion of brilliance.
You feel clever all of a sudden. The vampire misses you. The vampire bites you!
* * * LOW HITPOINT WARNING * * *
The vampire draws strength from your injuries!
It was a potion of flight.
You feel very buoyant.
You fly up into the air.
The vampire closely misses you. The vampire bites you!
You die...

.. .########) ..........
......... .........
#........ #.V.....#
##@......# ####.#....###
#............
#.....###....
##.....###........(....
#....>................#
##............#.......#
###.....####.###.......#
#.......##.............#


You could see a vampire (invisible).

Vanquished Creatures
  Maggie (D:6)
  Prince Ribbit (D:6)
  Edmund (D:6)
  An ice beast (D:6)
  2 black bears (D:5)
  An orc warrior (D:6)
  2 sky beasts
  A necrophage (D:4)
  3 ogres
  A centaur (D:7)
  2 phantoms
  A bullfrog (D:4)
  2 scorpions (D:5)
  A water moccasin skeleton (D:5)
  A bullfrog zombie (D:5)
  A hound (D:5)
  A centaur skeleton (D:6)
  2 bullfrog skeletons
  2 iguanas (D:5)
  A killer bee zombie (D:6)
  A hound skeleton (D:4)
  3 gnolls (D:3)
  9 adders
  5 river rats
  A shadow imp (D:5)
  A white imp (D:5)
  An ufetubus (D:4)
  An adder skeleton (D:4)
  An adder zombie (D:5)
  3 worms (D:3)
  5 dart slugs
  15 orcs
  13 ball pythons
  6 endoplasms
  3 giant cockroaches
  5 goblins
  6 hobgoblins
  10 jackals
  3 kobolds
  3 quokkas
  6 bats
  13 frilled lizards
  11 rats
153 creatures vanquished.

Vanquished Creatures (others)
  4 plants
4 creatures vanquished.

Grand Total: 157 creatures vanquished

Notes
Turn   | Place    | Note
-------+----------+-------------------------------------------
     0 | D:1      | MisterFreud the Draconian Transmuter began the quest for
                  | the Orb.
     0 | D:1      | Reached XP level 1. HP: 16/16 MP: 3/3
   219 | D:1      | Reached XP level 2. HP: 22/23 MP: 3/5
   222 | D:1      | Learned a level 2 spell: Wereblood
   786 | D:1      | Reached XP level 3. HP: 27/28 MP: 4/6
  1102 | D:1      | Learned a level 3 spell: Spider Form
  2585 | D:3      | Reached XP level 4. HP: 35/35 MP: 5/7
  2586 | D:3      | Found a glowing drain.
  2602 | Sewer    | Entered a sewer
  2914 | Sewer    | Reached skill level 5 in Transmutations
  3328 | D:3      | Reached XP level 5. HP: 34/40 MP: 6/8
  3504 | D:4      | Noticed a necrophage
  3527 | D:4      | Killed a necrophage
  3698 | D:4      | Noticed an ogre
  3713 | D:4      | Killed an ogre
  3714 | D:4      | Reached XP level 6. HP: 50/51 MP: 5/9
  3998 | D:3      | Found a faded altar of an unknown god.
  4704 | D:4      | Reached skill level 5 in Unarmed Combat
  4985 | D:4      | Identified the +2 trident of the Skies Above {pain, Will-
                  | Str+5 Int+4 Dex+4}
  4985 | D:4      | Identified the +1 buckler of Focus {rC- Str+9 Stlth+}
  5059 | D:4      | Found a transporter.
  5098 | D:4      | Found a transporter.
  5215 | D:5      | Entered Level 5 of the Dungeon
  5224 | D:5      | Your scales start taking on a golden yellow colour.
  5224 | D:5      | Reached XP level 7. HP: 59/59 MP: 8/10
  5224 | D:5      | Gained mutation: You are resistant to acid. (rCorr) [Yellow
                  | Draconian growth]
  5574 | D:5      | Reached skill level 2 in Dodging
  5589 | D:5      | Reached skill level 3 in Dodging
  5656 | D:5      | Found Qemi Juo's General Store.
  5673 | D:5      | Bought a potion of haste for 150 gold pieces
  5714 | D:5      | Reached skill level 4 in Dodging
  5860 | D:5      | Reached skill level 5 in Dodging
  5860 | D:5      | Reached XP level 8. HP: 31/66 MP: 9/11
  5870 | D:5      | Reached skill level 6 in Dodging
  5875 | D:5      | Learned a level 4 spell: Ice Form
  6326 | D:5      | Reached skill level 1 in Ice Magic
  6940 | D:6      | Reached skill level 7 in Dodging
  7133 | D:6      | Noticed Edmund
  7167 | D:6      | Killed Edmund
  7326 | D:6      | Noticed Prince Ribbit
  7342 | D:6      | Killed Prince Ribbit
  7343 | D:6      | Reached skill level 8 in Dodging
  7343 | D:6      | Reached XP level 9. HP: 24/71 MP: 13/15
  7583 | D:6      | Noticed Maggie
  7602 | D:6      | Killed Maggie
  7603 | D:6      | Reached skill level 9 in Dodging
  8015 | D:6      | Noticed Dowan
  8017 | D:6      | Noticed Duvessa
  8041 | D:7      | Found a staircase to the Ecumenical Temple.
  8051 | Temple   | Entered the Ecumenical Temple
  8126 | Temple   | Became a worshipper of Ru the Awakened
  8252 | D:7      | Slain by a vampire

Illustrated notes

Levels and vault maps discovered:
D:1:      minmay_arrival_widening_spiral_wide, layout_basic, serial_forest,
          infiniplex_forest_straight_3, infiniplex_forest_lined_room_2,
          infiniplex_forest_lined_room_2, infiniplex_forest_3_way,
          infiniplex_forest_corner_1, infiniplex_forest_end_3,
          infiniplex_forest_lined_room_2, kennysheep_decorative_pillar
D:2:      layout_basic
D:3:      layout_loops_ring, shapermc_ecumenical_altar_flowoftime,
          gup_sewer_entry_bowl, minmay_misc_feat_tower,
          chequers_serial_rivers_micro_b, minmay_vboxes
D:4:      layout_rooms, gammafunk_ghost_gnarly_gnolls, kennysheep_generic_room_6
D:5:      layout_basic, serial_shops, nicolae_shop_window_shopping,
          minmay_manual_monolith
D:6:      layout_rooms, uniq_edmund, uniq_maggie, uniq_prince_ribbit1,
          uniq_duvessa
D:7:      layout_basic, minmay_temple_entry_statues_pillars,
          hangedman_decor_clover_reticule, uniq_pikel
Temple:   mainiacjoe_temple_bowtie_tessellation

Skill      XL: |  1  2  3  4  5  6  7  8  9 |
---------------+----------------------------+-----
Transmutations | 3 4 5 6 |  6.0
Fighting       | 3 4 |  4.0
Unarmed Combat | 4 5 6 |  6.0
Dodging        | 5 8 9 |  9.8
Ice Magic      | 2 |  2.0
Spellcasting   | 4 |  4.0

Action                   |  1- 3 |  4- 6 |  7- 9 || total
-------------------------+-------+-------+-------++-------
Melee: Unarmed           |   112 |   174 |   230 ||   516
       Headbutt          |    12 |    11 |    32 ||    55
       Kick              |    21 |    23 |    44 ||    88
       Tailslap          |    16 |    13 |    29 ||    58
       Punch             |     1 |     2 |       ||     3
 Cast: Beastly Appendage |    30 |    19 |    12 ||    61
       Wereblood         |     1 |       |       ||     1
       Spider Form       |       |     5 |     8 ||    13
 Abil: Breathe Acid      |       |       |     2 ||     2
  Use: Scroll            |       |     3 |       ||     3
       Potion            |       |       |     4 ||     4
Armor: Skin              |    31 |    42 |    55 ||   128
Dodge: Dodged            |    78 |   117 |   174 ||   369
